 Dungeon Crawl Stone Soup version 0.19-a0-45-g2c295ea (webtiles) character file.

23 Kenran the Shield-Bearer (level 3, 0/29 HPs)
             Began as a Formicid Fighter on May 5, 2016.
             Succumbed to an adder's poison
             ... on level 1 of the Dungeon.
             The game lasted 00:01:45 (615 turns).

Kenran the Shield-Bearer (Formicid Fighter)          Turns: 615, Time: 00:01:46

Health: 0/29       AC:  6    Str: 21    XL:     3   Next: 12%
Magic:  3/3        EV: 12    Int:  7    God:
Gold:   56         SH: 10    Dex: 15    Spells: 0 memorised, 2 levels left

rFire  . . .     SeeInvis +     a - +0 flail
rCold  . . .     Gourm    .     b - +0 scale mail
rNeg   . . .     Faith    .     c - +0 shield
rPois  .         Spirit   .     (helmet unavailable)
rElec  .         Dismiss  .     (no cloak)
rCorr  .         Reflect  .     (no gloves)
SustAt .         Harm     .     (no boots)
MR     .....                    (no amulet)
Stlth  +.........               (no ring)
                                (no ring)

@: agile, lethally poisoned (0 -> -4), not resistant to hostile enchantments,
very unstealthy
A: permanent stasis, dig shafts and tunnels, four strong arms, antennae 3
a: Dig, Shaft Self


You were on level 1 of the Dungeon.
You were not hungry.

You visited 1 branch of the dungeon, and saw 2 of its levels.

You collected 56 gold pieces.

Inventory:

Hand Weapons
 a - a +0 flail (weapon)
Armour
 b - a +0 scale mail (worn)
 c - a +0 shield (worn)
Jewellery
 e - an uncursed amulet of the gourmand {unknown}
Scrolls
 g - a scroll of random uselessness {unknown}
 h - 2 scrolls of remove curse {unknown}
 i - 4 scrolls of identify {unknown}
 k - a scroll of immolation {unknown}
 n - a scroll of recharging {unknown}
Potions
 d - a potion of might
Comestibles
 f - 2 bread rations


   Skills:
 - Level 3.2 Fighting
 + Level 3.3 Maces & Flails
 - Level 3.2 Armour
 - Level 3.6 Shields


You had 2 spell levels left.
You didn't know any spells.

Dungeon Overview and Level Annotations

Branches:
Dungeon (2/15)

Altars:


Innate Abilities, Weirdness & Mutations

You are under a permanent stasis effect.
You can dig through walls and to a lower floor.
Your four strong arms can wield two-handed weapons with a shield.
You have a pair of large antennae on your head (SInv).


Message History

You feel agile all of a sudden.
* * * LOW HITPOINT WARNING * * *
You feel sick. The adder bites you but does no damage.
You hit the adder.
You kill the adder!
You have reached level 3!
Your experience leads to an increase in your attributes!
Your base attributes are Str 20, Int 7, Dex 10.
Increase (S)trength, (I)ntelligence, or (D)exterity?
You feel stronger. You block the rat's attack.
You climb upwards.
* * * LOW HITPOINT WARNING * * *
You feel sick.
All of the chunks of flesh in your inventory have rotted away.
There is a stone staircase leading down here.
You closely miss the rat. You block the rat's attack. x2
You hit the rat.
The rat is heavily wounded.
You die...

######### #........
#.###.... #..>..###
######## #.....##
##....r.#######.###..##
##.....@.........# ##..#
#######..........#######
##.# ##................#
#..
###..#####..........#
##. (.[.## #..........#
#. .#### #..........# #.
.### ##........##
######## ...##
##....)...#######.......
##..#
#...###...........######


You could see a rat.

Vanquished Creatures
  An adder (D:2)
  A giant gecko (D:1)
  2 ball pythons
  A goblin (D:1)
  2 jackals (D:1)
  A bat (D:1)
  2 giant newts (D:1)
  A kobold (D:1)
  4 rats (D:1)
15 creatures vanquished.

Notes
Turn   | Place    | Note
--------------------------------------------------------------
     0 | D:1      | Kenran the Formicid Fighter began the quest for the Orb.
     0 | D:1      | Reached XP level 1. HP: 18/18 MP: 1/1
   290 | D:1      | Reached XP level 2. HP: 24/24 MP: 2/2
   610 | D:2      | HP: 1/24 [poisoned by an adder]
   611 | D:2      | Reached XP level 3. HP: 2/29 MP: 3/3
   615 | D:1      | Succumbed to an adder's poison

Vault maps used:
D:1:      lemuel_arrival_behind_the_door_large, minmay_misc_feat_columns
D:2:      lemuel_round_altar, first_bread, serial_glass, glass_columns_b,
          glass_columns_a, due_unseen_surprise, kennysheep_small_spiral,
          hangedman_glass_garden, st_stairs_8

Skill      XL: |  1  2 |
---------------+-------+-----
Maces & Flails | 3 |  3.3
Fighting       | |  3.2
Armour         | |  3.2
Shields        | |  3.6

Action                   || total
-------------------------++-------
Melee: Flail             ||    75
  Use: Potion            ||     2
Armor: Scale mail        ||    45
Dodge: Dodged            ||    17
Block: Shield            ||    37
